AoeStats
← markmax444

Arena

510115106Analyzed
4v4 RM · 3d ago on Sep 29, 2026· 49m 4s· 8 players
Game mode
Random Map
Map size
Large (8 player)
Population
200
Speed
Normal
Resources
Standard
Victory
Conquest
Starting age
Dark Age
Ending age
Imperial Age
RankedLock teamsTeams togetherTeam positionsShared explorationLock speedFull tech treeHidden civsTurbo modeCheats
Victory
Defeat
🇹🇼 Bengalis · Taiwan
1177
+12
🇹🇼 Slavs · Taiwan
1154
+13
🇹🇼 Ethiopians · Taiwan
1153
+13
🇹🇼 Vietnamese · Taiwan
1096
+14
🇩🇿 Slavs · Algeria
1108
-14
🇦🇷 Vietnamese · Argentina
1104
-14
🇨🇳 Varangians · China
1058
-12
🇭🇰 Aztecs · Hong Kong SAR China
1055
-12
tony halcon
3:48 Loom
10:57 Feudal Age
15:03 Castle Age
13:23 Double-Bit Axe
13:19 Horse Collar
16:14 Bow Saw
18:08 Gold Mining
18:21 Stone Mining
18:53 Heavy Plow
19:43 Fletching
19:54 Padded Archer Armor
24:45 Wheelbarrow
24:58 Bodkin Arrow
25:18 Leather Archer Armor
26:37 Ballistics
27:09 Stone Shaft Mining
28:29 Hand Cart
28:47 Leather Archer Armor
32:57 Imperial Age
30:14 Loom
30:14 Town Watch
30:58 Fortified Wall
30:59 Masonry
33:00 Thumb Ring
32:16 Elite Skirmisher
33:41 Bracer
34:12 Ring Archer Armor
33:56 Siege Engineers
33:40 Imperial Skirmisher
37:17 Chemistry
35:57 Treadmill Crane
40:29 Coinage
45:43 Hoardings
45:49 Hoardings
47:38 Banking
48:53 Squires
ayoubDZtv
11:07 Feudal Age
12:11 Double-Bit Axe
15:06 Castle Age
14:33 Horse Collar
16:08 Bow Saw
16:26 Heavy Plow
18:28 Fletching
20:53 Loom
26:13 Bodkin Arrow
27:02 Wheelbarrow
27:29 Pikeman
28:11 Scale Mail Armor
28:22 Forging
33:38 Imperial Age
32:16 Hand Cart
33:17 Iron Casting
32:58 Chain Mail Armor
36:10 Blast Furnace
34:55 Heavy Scorpion
37:58 Conscription
37:22 Halberdier
38:01 Elite Skirmisher
39:41 Plate Mail Armor
39:36 Ballistics
43:13 Squires
43:43 Siege Engineers
44:40 Chemistry
15634125
11:07 Feudal Age
15:16 Castle Age
13:47 Double-Bit Axe
18:20 Wheelbarrow
19:11 Loom
22:59 Hand Cart
31:32 Imperial Age
28:44 Elite Skirmisher
31:02 Forging
30:54 Scale Mail Armor
30:47 Gold Mining
31:56 Chain Mail Armor
32:12 Fletching
33:01 Iron Casting
32:28 Padded Archer Armor
31:51 Imperial Skirmisher
32:50 Eagle Warrior
34:14 Gold Shaft Mining
34:02 Leather Archer Armor
34:42 Garland Wars
34:58 Bodkin Arrow
35:12 Stone Mining
35:30 Atlatl
35:51 Conscription
35:59 Horse Collar
37:10 Eagle Warrior
38:05 Elite Eagle Warrior
39:40 Pikeman
44:28 Elite Jaguar Warrior
YOU B4STARD!
11:23 Feudal Age
15:17 Castle Age
13:56 Double-Bit Axe
13:52 Horse Collar
17:25 Heavy Plow
18:06 Wheelbarrow
22:31 Bow Saw
22:34 Stone Mining
29:40 Murder Holes
33:52 Gold Mining
35:05 Hand Cart
37:53 Forging
37:44 Scale Mail Armor
38:04 Arson
38:20 Squires
38:05 Gambesons
39:26 Iron Casting
41:27 Imperial Age
40:19 Chain Mail Armor
42:30 Stone Shaft Mining
42:08 Loom
42:08 Town Watch
42:46 Conscription
41:49 Gothikon
41:59 Elite Varangian Guard
44:20 Caravan
44:31 Guilds
tyui18522
10:07 Feudal Age
9:08 Loom
14:13 Castle Age
12:31 Double-Bit Axe
12:44 Horse Collar
15:27 Bow Saw
15:56 Fletching
19:07 Bodkin Arrow
22:39 Padded Archer Armor
25:58 Wheelbarrow
29:07 Hand Cart
32:33 Imperial Age
32:06 Ballistics
32:57 Paiks
34:01 Husbandry
34:13 Bloodlines
34:12 Heavy Plow
34:04 Gold Mining
34:44 Conscription
35:47 Scale Barding Armor
35:52 Forging
37:30 Chain Barding Armor
39:10 Two-Man Saw
38:41 Crop Rotation
37:40 Elite Battle Elephant
38:57 Plate Barding Armor
40:34 Iron Casting
40:00 Bracer
42:56 Blast Furnace
42:12 Leather Archer Armor
42:19 Mahayana
42:14 Light Cavalry
42:27 Siege Elephant
44:04 Elite Ratha (Ranged)
45:39 Stone Mining
46:30 Gold Shaft Mining
47:04 Chemistry
47:40 Town Watch
49:47 Guilds
Cara G
11:00 Feudal Age
9:19 Loom
16:03 Castle Age
14:26 Double-Bit Axe
15:09 Horse Collar
18:05 Wheelbarrow
17:16 Town Watch
22:38 Heavy Plow
23:59 Bow Saw
27:48 Hand Cart
27:34 Town Patrol
28:43 Gold Mining
28:44 Stone Mining
32:58 Imperial Age
30:59 Forging
30:40 Fletching
30:51 Scale Mail Armor
30:51 Padded Archer Armor
32:04 Murder Holes
32:20 Fortified Wall
33:28 Iron Casting
33:08 Chain Mail Armor
32:54 Padded Archer Armor
32:49 Bodkin Arrow
33:20 Ballistics
33:56 Elite Rattan Archer
34:07 Sappers
35:04 Thumb Ring
34:20 Elite Skirmisher
38:53 Crop Rotation
39:29 Two-Man Saw
39:04 Plate Mail Armor
38:49 Leather Archer Armor
38:35 Bracer
39:38 Chemistry
38:24 Arrowslits
38:16 Imperial Skirmisher
39:44 Paper Money
40:06 Coinage
s28366648
10:58 Feudal Age
14:45 Castle Age
12:45 Double-Bit Axe
13:03 Horse Collar
17:32 Wheelbarrow
17:58 Loom
18:31 Bow Saw
22:11 Hand Cart
22:40 Heavy Plow
22:49 Gold Mining
25:50 Gold Shaft Mining
25:08 Stone Mining
29:40 Imperial Age
29:42 Coinage
30:47 Detinets
31:26 Crop Rotation
31:28 Banking
32:00 Two-Man Saw
31:19 Fortified Wall
31:21 Forging
31:12 Scale Mail Armor
31:17 Scale Barding Armor
31:32 Bloodlines
31:22 Husbandry
31:58 Town Watch
33:09 Conscription
32:10 Elite Boyar
33:52 Iron Casting
33:09 Fletching
33:33 Squires
32:54 Pikeman
36:35 Druzhina
39:03 Blast Furnace
38:24 Chain Barding Armor
38:00 Bodkin Arrow
38:21 Chain Mail Armor
markmax444
10:38 Feudal Age
11:28 Double-Bit Axe
14:22 Castle Age
12:09 Horse Collar
14:34 Wheelbarrow
15:30 Bow Saw
17:00 Hand Cart
22:45 Gold Mining
22:45 Stone Mining
23:23 Loom
24:50 Fortified Wall
25:29 Heavy Plow
26:40 Ballistics
29:15 Imperial Age
27:46 Masonry
28:05 Fletching
28:15 Padded Archer Armor
27:56 Elite Skirmisher
28:43 Thumb Ring
28:56 Thumb Ring
29:33 Gold Shaft Mining
29:36 Stone Shaft Mining
29:39 Bodkin Arrow
29:59 Leather Archer Armor
29:47 Imperial Skirmisher
30:34 Bracer
31:51 Chemistry
32:03 Ring Archer Armor
33:22 Two-Man Saw
33:32 Conscription
33:55 Torsion Engines
39:06 Coinage
41:19 Crossbowman
42:03 Arbalester
45:04 Banking
44:38 Caravan
Connection lost

Rejoining the realm…

Still unreachable

The connection could not be restored.

Session expired

The server has moved on; the page needs a fresh start.